[Event "January 9 Late 2024"]
[Site "https://www.chess.com"]
[Date "2024.01.09"]
[Round "7"]
[White "Aung Thant Zin"]
[Black "Prieto Aranguren, Alain"]
[Result "0-1"]
[Board "154"]
[TimeControl "180+1"]
[WhiteFideId "13000063"]
[BlackFideId "2268906"]
[WhiteElo "2151"]
[BlackElo "2381"]
[WhiteTeam "MYA"]
[BlackTeam "ESP"]
[WhiteClock "0:00:09"]
[BlackClock "0:01:11"]

1. e4 c6 2. d4 d5 3. Nc3 a6 4. Nf3 Bg4 5. Be2 e6 6. Be3 Nf6 7. e5 Nfd7 8. Nb1 c5 9. c3 Nc6 10. Nbd2 Qb6 11. O-O cxd4 12. cxd4 Rc8 13. Rc1 Be7 14. a3 O-O 15. b4 a5 16. b5 Na7 17. Qb3 Rxc1 18. Rxc1 Rc8 19. Rxc8+ Nxc8 20. a4 Bb4 21. Bd3 Ne7 22. h3 Bf5 23. Bxf5 Nxf5 24. Qc2 Qd8 25. g4 Nxe3 26. fxe3 Nb6 27. Kg2 Qc8 28. Qxc8+ Nxc8 29. Nb3 Nb6 30. Nc5 Bxc5 31. dxc5 Nxa4 32. c6 bxc6 33. bxc6 Kf8 34. Nd4 Nb6 35. Nb5 Ke7 36. Kf2 f6 37. exf6+ gxf6 38. Ke2 Nc4 39. Kd3 a4 40. Kc3 Nxe3 41. Kb4 Nc4 42. Kxa4 Ne5 43. Nd4 Kd6 44. c7 Kxc7 45. Nxe6+ Kd6 46. Nd4 Nc6 47. Nf5+ Ke5 48. Kb3 Nd4+ 49. Nxd4 Kxd4 50. Kc2 Ke3 51. Kc3 d4+ 0-1

[Event "January 9 Late 2024"]
[Site "https://www.chess.com"]
[Date "2024.01.09"]
[Round "7"]
[White "Hoffmann, Asa"]
[Black "Curtis, John"]
[Result "1-0"]
[Board "155"]
[TimeControl "180+1"]
[WhiteFideId "2001470"]
[BlackFideId "3200256"]
[WhiteElo "2374"]
[BlackElo "2129"]
[WhiteTeam "USA"]
[BlackTeam "AUS"]
[WhiteClock "0:00:45"]
[BlackClock "0:00:00"]

1. d4 Nf6 2. Bg5 e6 3. Nd2 h6 4. Bh4 d5 5. e3 c5 6. c3 Nc6 7. f4 Qc7 8. Bd3 cxd4 9. cxd4 Bd7 10. a3 Be7 11. Ngf3 Ng4 12. Bxe7 Nxe7 13. Qe2 f5 14. h3 Nf6 15. g4 g6 16. Ne5 h5 17. g5 Ne4 18. Bxe4 fxe4 19. Kf2 Qb6 20. b4 Bb5 21. Qd1 O-O 22. Rc1 Rfc8 23. Rc5 Be8 24. Qc2 Qd8 25. Rc1 b6 26. Rxc8 Rxc8 27. Qb2 Rc7 28. Nb3 Qc8 29. Rxc7 Qxc7 30. Qc1 Qxc1 31. Nxc1 Nc6 32. Ke2 Kf8 33. Kd2 Ke7 34. Kc3 Kd8 35. Nb3 Kc7 36. Nc1 Ne7 37. Kd2 Nf5 38. Ne2 a5 39. Nc3 Kb7 40. Ke2 axb4 41. axb4 b5 42. Nb1 Kb6 43. Nd2 Ne7 44. Nb3 Nc6 45. Nc5 Nxb4 46. Nxe6 Nc6 47. Ng7 Nxe5 48. fxe5 Bc6 49. e6 b4 50. e7 Ka5 51. Kd2 Ka4 52. Kc2 Ka3 53. Kb1 Bb5 54. e8=Q Bd3+ 55. Kc1 b3 56. Qb8 Ka2 57. Ne6 Ka3 58. Nf4 Bc4 59. Qb6 h4 60. Nxg6 b2+ 61. Qxb2+ Ka4 62. Ne5 Bb5 63. Kd2 Ka5 64. Kc3 1-0

[Event "January 9 Late 2024"]
[Site "https://www.chess.com"]
[Date "2024.01.09"]
[Round "7"]
[White "Carre, Sylvain"]
[Black "Ghosh, Chanchal Kumer"]
[Result "0-1"]
[Board "156"]
[TimeControl "180+1"]
[WhiteFideId "642118"]
[BlackFideId "10201858"]
[WhiteElo "2364"]
[BlackElo "2122"]
[WhiteTeam "FRA"]
[BlackTeam "BAN"]
[WhiteClock "0:00:22"]
[BlackClock "0:00:06"]

1. d4 d5 2. Bf4 e6 3. e3 Nf6 4. Nd2 Bd6 5. Bg3 c5 6. c3 Nc6 7. Ngf3 c4 8. Qe2 O-O 9. e4 Bxg3 10. hxg3 h6 11. e5 Nh7 12. Qe3 b5 13. g4 f6 14. g3 fxe5 15. Nxe5 Nxe5 16. Qxe5 a5 17. Bg2 Bd7 18. O-O Qf6 19. f4 Qxe5 20. dxe5 g5 21. f5 Kg7 22. f6+ Kh8 23. Nf3 b4 24. Nd4 Rfb8 25. Rab1 Nf8 26. a3 bxa3 27. bxa3 Kg8 28. Kf2 Kf7 29. Ke3 Kg6 30. Kd2 Kf7 31. Rh1 Kg6 32. Kc1 Be8 33. Rb2 Rxb2 34. Kxb2 Rb8+ 35. Ka2 Bf7 36. Rb1 Rxb1 37. Kxb1 Nd7 38. Nf3 h5 39. gxh5+ Kxh5 40. Bf1 Kg4 41. Nd2 Kxg3 42. Bxc4 dxc4 43. Nxc4 Kf4 44. Nxa5 Nxe5 45. a4 g4 46. Nb3 Nc4 47. Nc1 g3 48. Nd3+ Kf3 49. Ka2 g2 50. Ne1+ Kf2 51. Nxg2 Kxg2 52. Kb3 e5 53. Kb4 Kf3 54. Kc5 Kf4 55. Kc6 Kf5 56. a5 Nxa5+ 57. Kd7 Nc4 58. Ke7 Be6 59. f7 Bxf7 60. Kxf7 Ke4 61. Ke7 Kd5 62. Kf6 Ne3 63. Kg5 Nd1 64. c4+ Kxc4 65. Kf5 Kd4 66. Kg4 Nc3 67. Kg3 e4 68. Kf2 e3+ 69. Ke1 Kd3 70. Kf1 Kd2 71. Kg2 e2 72. Kf3 e1=Q 73. Kf4 Qe4+ 74. Kg3 Kd3 75. Kf2 Qe3+ 76. Kg2 Ke2 77. Kh2 Qg5 0-1

[Event "January 9 Late 2024"]
[Site "https://www.chess.com"]
[Date "2024.01.09"]
[Round "7"]
[White "Melamed, Daniel"]
[Black "Yushko, Olga"]
[Result "1-0"]
[Board "157"]
[TimeControl "180+1"]
[WhiteFideId "3229076"]
[BlackFideId "14114500"]
[WhiteElo "2333"]
[BlackElo "2122"]
[WhiteTeam "AUS"]
[BlackTeam "UKR"]
[WhiteClock "0:00:07"]
[BlackClock "0:00:06"]

1. d4 e6 2. Nf3 Nf6 3. Bf4 d5 4. e3 Be7 5. Bd3 O-O 6. O-O c6 7. c3 Nbd7 8. Nbd2 Re8 9. h3 Nf8 10. Re1 Bd6 11. Ne5 Ng6 12. Nxg6 hxg6 13. Bxd6 Qxd6 14. e4 e5 15. exd5 Nxd5 16. Nc4 Qf6 17. Rxe5 Rxe5 18. Nxe5 Nf4 19. Bf1 Qg5 20. Kh2 Be6 21. g3 Nh5 22. Bg2 Re8 23. Qd3 Bf5 24. Qf3 Be6 25. Re1 Bd5 26. Qe3 Qf6 27. Bxd5 cxd5 28. Kg2 Qb6 29. Qf3 Nf6 30. g4 Re7 31. Nc4 Qc7 32. Rxe7 Qxe7 33. Ne3 Qe6 34. Qf4 Ne4 35. Qb8+ Kh7 36. Qf4 Nd2 37. Qe5 Qd7 38. Qxd5 Qxd5+ 39. Nxd5 Nc4 40. b3 Nd6 41. c4 g5 42. Ne3 Kg6 43. c5 Nb5 44. d5 Kf6 45. Nc4 Nc3 46. d6 Nxa2 47. Na5 Ke6 48. Nxb7 Kd7 49. Na5 Nc3 50. Kf3 g6 51. Ke3 f6 52. Kd4 Nb5+ 53. Kd5 Nc3+ 54. Kc4 Ne4 55. b4 Nd2+ 56. Kd5 Nf3 57. c6+ Kd8 58. b5 Ne5 59. Nc4 Nd3 60. d7 Nf4+ 61. Kd6 1-0

[Event "January 9 Late 2024"]
[Site "https://www.chess.com"]
[Date "2024.01.09"]
[Round "7"]
[White "Tqebuchava, Zurab"]
[Black "Nicula, Marius"]
[Result "1-0"]
[Board "158"]
[TimeControl "180+1"]
[WhiteFideId "13601113"]
[BlackFideId "1203096"]
[WhiteElo "2187"]
[BlackElo "2025"]
[WhiteTeam "GEO"]
[BlackTeam "CAN"]
[WhiteClock "0:01:20"]
[BlackClock "0:01:17"]

1. e4 g6 2. d4 Bg7 3. Nc3 c6 4. g3 d5 5. e5 f6 6. exf6 exf6 7. Bg2 Nh6 8. Nge2 O-O 9. O-O Nf7 10. Nf4 Na6 11. Re1 Nc7 12. h3 Bd7 13. Be3 Nd6 14. b3 Re8 15. Qd2 Ncb5 16. Nxb5 Nxb5 17. c4 dxc4 18. bxc4 Nd6 19. Qb4 Bf5 20. c5 Nb5 21. a4 a5 22. Qb3+ 1-0

[Event "January 9 Late 2024"]
[Site "https://www.chess.com"]
[Date "2024.01.09"]
[Round "7"]
[White "Salman, Ilhan Serhat"]
[Black "Antunes, Luciano Justi"]
[Result "1-0"]
[Board "159"]
[TimeControl "180+1"]
[WhiteFideId "6361579"]
[BlackFideId "2126893"]
[WhiteElo "2481"]
[BlackElo "2119"]
[WhiteTeam "TUR"]
[BlackTeam "BRA"]
[WhiteClock "0:00:52"]
[BlackClock "0:00:00"]

1. d4 Nf6 2. Bg5 Ne4 3. h4 c5 4. dxc5 Nxg5 5. hxg5 Qa5+ 6. Nd2 Qxc5 7. Ngf3 Nc6 8. c3 g6 9. Qc2 d6 10. e3 Bf5 11. Bd3 Bxd3 12. Qxd3 Bg7 13. O-O-O b5 14. Kb1 b4 15. Nb3 Qb6 16. cxb4 Nxb4 17. Qe4 d5 18. Qg4 e6 19. e4 h5 20. gxh6 Rxh6 21. Rxh6 Bxh6 22. exd5 Nxd5 23. Qe4 Kf8 24. Qd4 Bg7 25. Qxb6 axb6 26. Rc1 Ke7 27. Nbd4 Kf8 28. Rc6 Ra4 29. b3 Ra8 30. Nb5 Kg8 31. a4 Rd8 32. Nd6 Bf8 33. Ne4 f5 34. Neg5 Rd6 35. Rxd6 Bxd6 36. Nxe6 Kf7 37. Ned4 Nf4 38. g3 Nd3 39. Ng5+ Kf6 40. Nh3 Bc5 41. Kc2 1-0

[Event "January 9 Late 2024"]
[Site "https://www.chess.com"]
[Date "2024.01.09"]
[Round "7"]
[White "Romero Ruscalleda, Josep"]
[Black "Palencia Morales, Wilson Guillermo"]
[Result "1-0"]
[Board "160"]
[TimeControl "180+1"]
[WhiteFideId "2231859"]
[BlackFideId "4401859"]
[WhiteElo "2254"]
[BlackElo "2462"]
[WhiteTeam "ESP"]
[BlackTeam "COL"]
[WhiteClock "0:01:14"]
[BlackClock "0:00:50"]

1. e4 c5 2. c3 d5 3. exd5 Qxd5 4. Nf3 Nf6 5. Na3 Bg4 6. Be2 Nc6 7. O-O e6 8. d4 cxd4 9. Nb5 Qd8 10. Nbxd4 Nxd4 11. Nxd4 Bxe2 12. Qxe2 Be7 13. Bf4 Nd5 14. Bg3 O-O 15. Rfd1 Bf6 16. Nxe6 fxe6 17. Qxe6+ Kh8 18. Qxd5 Qb6 19. Qb3 Qa6 20. Rd6 Qe2 21. Rad1 Rae8 22. h3 h5 23. R6d2 Qe4 24. Qd5 Qg6 25. Bd6 Rf7 26. Qd3 Qg5 27. Qg3 Qa5 28. Qg6 Kg8 29. Rd5 Qa4 30. b3 Qxa2 31. Rxh5 Rfe7 32. Bxe7 1-0

[Event "January 9 Late 2024"]
[Site "https://www.chess.com"]
[Date "2024.01.09"]
[Round "7"]
[White "Skurikhin, Dmitrij"]
[Black "Argandona Riveiro, Inigo"]
[Result "0-1"]
[Board "161"]
[TimeControl "180+1"]
[WhiteFideId "4161297"]
[BlackFideId "2212072"]
[WhiteElo "2227"]
[BlackElo "2391"]
[WhiteTeam "RUS"]
[BlackTeam "ESP"]
[WhiteClock "0:00:22"]
[BlackClock "0:00:09"]

1. d4 d6 2. c4 e5 3. e4 exd4 4. Qxd4 Nc6 5. Qd1 g6 6. Bd2 Bg7 7. Bc3 Nf6 8. Bd3 O-O 9. Nf3 Re8 10. Nbd2 Bg4 11. O-O Ne5 12. Be2 Bxf3 13. Bxf3 Qe7 14. Re1 Nd3 15. Re3 Nf4 16. g3 Nh3+ 17. Kf1 Ng5 18. Bg2 h5 19. h3 Qe6 20. h4 Ng4 21. hxg5 Nxe3+ 22. fxe3 Bxc3 23. bxc3 Qe5 24. Nf3 Qxe4 25. Qd4 Qxe3 26. Re1 Qxd4 27. cxd4 Rxe1+ 28. Kxe1 Re8+ 29. Kd2 Re4 30. Bh3 c5 31. Kd3 Re7 32. a4 Kg7 33. Nd2 Re1 34. Bg2 b6 35. Bf3 Ra1 36. Ne4 Ra3+ 37. Ke2 Rxa4 38. Nxd6 cxd4 39. Bd5 Ra3 40. Kf2 Ra2+ 41. Kf3 d3 42. Nxf7 d2 43. Ke2 Ra5 44. Nd6 Ra3 45. Ne4 a5 46. Kxd2 Ra1 47. Ke3 a4 48. Kd2 Rg1 49. Kc2 h4 50. gxh4 Rh1 51. Nc3 Rxh4 52. Nxa4 b5 53. Nb6 bxc4 54. Bxc4 Rg4 55. Nd5 Rxg5 56. Kd3 Rg3+ 57. Ne3 Kh6 58. Ke4 Rg1 59. Be6 Ra1 60. Kf3 Ra3 61. Bg4 Kg5 62. Be6 Kh4 63. Bg4 Rxe3+ 64. Kxe3 Kxg4 65. Kf2 Kh3 66. Kg1 Kg3 67. Kh1 g5 68. Kg1 g4 69. Kh1 Kf2 70. Kh2 g3+ 71. Kh1 g2+ 72. Kh2 g1=Q+ 73. Kh3 Qg6 74. Kh2 Qg2# 0-1

[Event "January 9 Late 2024"]
[Site "https://www.chess.com"]
[Date "2024.01.09"]
[Round "7"]
[White "Cardozo Munar, Carlos Eduardo"]
[Black "Bonin, Jay"]
[Result "1/2-1/2"]
[Board "162"]
[TimeControl "180+1"]
[WhiteFideId "4409477"]
[BlackFideId "2000644"]
[WhiteElo "2218"]
[BlackElo "2318"]
[WhiteTeam "COL"]
[BlackTeam "USA"]
[WhiteClock "0:00:45"]
[BlackClock "0:00:57"]

1. g3 d5 2. Bg2 c6 3. Nf3 Nf6 4. O-O h6 5. d4 Bf5 6. c3 e6 7. Nbd2 Be7 8. Re1 O-O 9. Ne5 Nbd7 10. Nxd7 Qxd7 11. e4 dxe4 12. Nxe4 Nxe4 13. Bxe4 Bxe4 14. Rxe4 Bf6 15. Qf3 Bg5 16. Bxg5 hxg5 17. Rae1 Rfe8 18. Qh5 f6 19. h4 gxh4 20. Rxh4 Qd5 21. Qg6 Qxa2 22. Kg2 Qd5+ 23. f3 Qf5 24. Qxf5 exf5 25. Rxe8+ Rxe8 26. Kf2 g5 27. Rh1 Kg7 28. Ra1 a6 29. Ra5 Kg6 30. d5 Re5 31. c4 cxd5 32. cxd5 Kf7 33. Rc5 Ke7 34. Rc7+ Kd6 35. Rxb7 Rxd5 36. Rb6+ Ke5 37. Rxa6 Rd2+ 38. Ke3 Rxb2 39. f4+ gxf4+ 40. gxf4+ Kd5 1/2-1/2

[Event "January 9 Late 2024"]
[Site "https://www.chess.com"]
[Date "2024.01.10"]
[Round "7"]
[White "Mena, Martin"]
[Black "Slavin, Alexey"]
[Result "1-0"]
[Board "164"]
[TimeControl "180+1"]
[WhiteFideId "10651225"]
[BlackFideId "24104388"]
[WhiteElo "2091"]
[BlackElo "2292"]
[WhiteTeam "EGY"]
[BlackTeam "RUS"]
[WhiteClock "0:00:02"]
[BlackClock "0:00:00"]

1. c4 Nc6 2. g3 e5 3. Nc3 Nf6 4. Bg2 Be7 5. e4 d6 6. Nge2 O-O 7. d3 Bd7 8. O-O Qc8 9. f4 exf4 10. Nxf4 Ne5 11. Nfd5 Bd8 12. Nxf6+ Bxf6 13. Rxf6 gxf6 14. Nd5 Qd8 15. Bh6 Re8 16. h3 c6 17. Nf4 Qb6+ 18. Kh2 Ng6 19. Nh5 Qd4 20. Bg7 Re6 21. Qf1 Qe5 22. Qf3 Nh4 23. Qg4 Ng6 24. Rf1 Re7 25. Qf3 Nh4 26. Qe2 Rae8 27. Bxf6 Qe6 28. Bxh4 f5 29. Bxe7 Rxe7 30. Qf3 fxe4 31. dxe4 Rf7 32. Qxf7+ Qxf7 33. Rxf7 Kxf7 34. Nf4 Be8 35. Bf3 Bd7 36. Bh5+ Kf6 37. Bg4 Be8 38. Nd3 b5 39. Bc8 bxc4 40. Nb4 Ke5 41. Bb7 c5 42. Nc6+ Kxe4 43. Nxa7+ Kd3 44. Bd5 1-0

[Event "January 9 Late 2024"]
[Site "https://www.chess.com"]
[Date "2024.01.09"]
[Round "7"]
[White "Kappeler, Kaspar"]
[Black "Dias, Joao Batista"]
[Result "0-1"]
[Board "165"]
[TimeControl "180+1"]
[WhiteFideId "1309072"]
[BlackFideId "2108240"]
[WhiteElo "2262"]
[BlackElo "2057"]
[WhiteTeam "SUI"]
[BlackTeam "BRA"]
[WhiteClock "0:00:00"]
[BlackClock "0:00:20"]

1. d4 d5 2. c4 c6 3. Nf3 Nf6 4. e3 g6 5. Nc3 Bg7 6. Bd3 O-O 7. O-O Re8 8. b3 Nbd7 9. Bb2 e5 10. dxe5 Nxe5 11. Nxe5 Rxe5 12. cxd5 Nxd5 13. Bxg6 hxg6 14. e4 Be6 15. exd5 Bxd5 16. Ne2 Rg5 17. Ng3 Bxb2 18. Rb1 Bg7 19. f4 Rxg3 20. hxg3 Qb6+ 21. Kh2 f6 22. Qe2 Kf7 23. g4 Rh8+ 24. Kg3 Re8 25. Qd2 Re3+ 26. Kh2 f5 27. gxf5 gxf5 28. a4 Rxb3 29. a5 Qb5 30. Rbe1 Qd3 31. Qf2 Bf6 32. Re2 Be4 33. Rd2 Qe3 34. Qxe3 Rxe3 35. Rd7+ Ke6 36. Rxb7 Bd4 37. Rd1 Kd5 38. Rd7+ Kc5 39. R7xd4 Kb5 40. Rd7 Kxa5 41. Rxa7+ Kb5 42. Rc7 Kc5 43. Rc1+ Kd6 44. Rc8 Re2 45. Rg8 Rf2 46. Rg6+ Kd5 47. Kh3 Rxf4 48. g3 Rf3 49. Rg5 Kd4 50. Kh4 Ke3 51. Rc3+ Kf2 52. Rxf3+ Kxf3 53. Rg6 Ke3 54. Rf6 Kd4 55. Kg5 c5 56. Kf4 c4 57. Rf8 c3 58. Rd8+ Bd5 59. Rc8 Bc4 0-1

[Event "January 9 Late 2024"]
[Site "https://www.chess.com"]
[Date "2024.01.09"]
[Round "7"]
[White "Sami, Sama"]
[Black "Thake, Conrad"]
[Result "1-0"]
[Board "166"]
[TimeControl "180+1"]
[WhiteFideId "4802926"]
[BlackFideId "5602947"]
[WhiteElo "2257"]
[BlackElo "1853"]
[WhiteTeam "IRQ"]
[BlackTeam "MLT"]
[WhiteClock "0:01:03"]
[BlackClock "0:00:09"]

1. e4 c5 2. Nf3 Nc6 3. d4 cxd4 4. Nxd4 Nf6 5. Nc3 e5 6. Ndb5 d6 7. Nd5 Nxd5 8. exd5 Nb8 9. c4 a6 10. Qa4 Bd7 11. c5 dxc5 12. d6 axb5 13. Qxa8 Bxd6 14. Qxb7 Bc6 15. Bxb5 Bxb5 16. Qxb5+ Nd7 17. Be3 O-O 18. Rd1 Qe7 19. O-O Rb8 20. Qd3 Rb6 21. b4 e4 22. Qd5 Nf6 23. Qa8+ Rb8 24. Qc6 Rd8 25. bxc5 Bc7 26. Rxd8+ Bxd8 27. Qc8 Qc7 28. Qxc7 Bxc7 29. Bg5 Nd7 30. c6 Ne5 31. Rd1 f6 32. Bf4 g5 33. Bxe5 Bxe5 34. Rd8+ Kf7 35. c7 Bxc7 36. Rd7+ Ke6 37. Rxc7 f5 38. Rxh7 1-0

[Event "January 9 Late 2024"]
[Site "https://www.chess.com"]
[Date "2024.01.09"]
[Round "7"]
[White "Awoki, Daniel Teidi"]
[Black "Panico, Nick"]
[Result "0-1"]
[Board "167"]
[TimeControl "180+1"]
[WhiteFideId "2100827"]
[BlackFideId "2026724"]
[WhiteElo "2446"]
[BlackElo "2048"]
[WhiteTeam "BRA"]
[BlackTeam "USA"]
[WhiteClock "0:00:01"]
[BlackClock "0:00:17"]

1. e4 e6 2. d4 d5 3. Nd2 Nf6 4. e5 Nfd7 5. Bd3 c5 6. c3 Nc6 7. Ne2 cxd4 8. cxd4 f6 9. exf6 Nxf6 10. Nf3 Bd6 11. O-O Qc7 12. h3 O-O 13. Nc3 a6 14. Be3 Nh5 15. Rc1 Nf4 16. Bb1 g6 17. a3 Qg7 18. b4 Bd7 19. Na4 e5 20. Bxf4 exf4 21. Nb6 Rae8 22. Ba2 Kh8 23. Bxd5 g5 24. Nxd7 Qxd7 25. Bxc6 bxc6 26. Qc2 g4 27. Ng5 gxh3 28. Qxc6 Qg7 29. Nxh3 Rg8 30. Rce1 Ref8 31. Re5 Bxe5 32. dxe5 f3 33. g3 Qg4 34. Kh2 Rg6 35. Qc5 Rfg8 36. e6 Qxh3+ 37. Kxh3 Rh6+ 38. Qh5 0-1

[Event "January 9 Late 2024"]
[Site "https://www.chess.com"]
[Date "2024.01.09"]
[Round "7"]
[White "Diaz Herquinio, Brahian"]
[Black "Michalski, Olaf"]
[Result "1-0"]
[Board "168"]
[TimeControl "180+1"]
[WhiteFideId "3809480"]
[BlackFideId "1106740"]
[WhiteElo "2420"]
[BlackElo "2149"]
[WhiteTeam "PER"]
[BlackTeam "POL"]
[WhiteClock "0:00:09"]
[BlackClock "0:00:00"]

1. e4 c5 2. Nf3 a6 3. Nc3 d6 4. d4 cxd4 5. Nxd4 Nf6 6. Bg5 Qb6 7. a3 Nc6 8. Nb3 e6 9. f4 h6 10. Bxf6 Qe3+ 11. Qe2 Qxe2+ 12. Bxe2 gxf6 13. Bh5 Be7 14. O-O-O b5 15. Rhe1 Bb7 16. g3 Kf8 17. Nd4 Kg7 18. f5 Nxd4 19. Rxd4 Rac8 20. Bg4 h5 21. Bh3 h4 22. Rd3 e5 23. g4 Rc4 24. Bg2 h3 25. Rxh3 Rxh3 26. Bxh3 a5 27. Bf1 Rc8 28. Bxb5 Rh8 29. Re2 Bd8 30. Bc4 Bb6 31. Nd5 Bg1 32. b3 Bxh2 33. Rg2 Rh4 34. Be2 Bxd5 35. exd5 Bf4+ 36. Kb2 Rh1 37. Kc3 1-0

[Event "January 9 Late 2024"]
[Site "https://www.chess.com"]
[Date "2024.01.09"]
[Round "7"]
[White "Balla, Tamas-Kristof"]
[Black "Quirke, Jeffrey"]
[Result "1-0"]
[Board "169"]
[TimeControl "180+1"]
[WhiteFideId "1208497"]
[BlackFideId "2013029"]
[WhiteElo "2416"]
[BlackElo "2137"]
[WhiteTeam "ROU"]
[BlackTeam "USA"]
[WhiteClock "0:00:29"]
[BlackClock "0:00:00"]

1. e4 e6 2. d4 d5 3. Nd2 c5 4. exd5 Qxd5 5. Ngf3 cxd4 6. Bc4 Qd7 7. O-O Nc6 8. Nb3 a6 9. Nbxd4 Nxd4 10. Nxd4 Qc7 11. Bb3 Bd6 12. Nf5 Bxh2+ 13. Kh1 Be5 14. Ne3 Ne7 15. Re1 O-O 16. Ng4 Bd6 17. Qd4 Ng6 18. Bg5 e5 19. Qe4 Kh8 20. Rad1 Bxg4 21. Qxg4 f5 22. Qh5 Be7 23. Rd3 Bxg5 24. Qxg5 Rf6 25. Rh3 Nf4 26. Rh4 h6 27. Qg3 Raf8 28. Rd1 Qc6 29. Qh2 Rg6 30. f3 Rxg2 31. Qxg2 Nxg2 32. Kxg2 e4 33. Rd5 Qg6+ 34. Kf2 exf3 35. Kxf3 Re8 36. Rf4 Qg1 37. Rd3 Qf1+ 38. Kg3 Qg1+ 39. Kf3 Rf8 40. Bf7 Qh1+ 41. Kg3 Rxf7 42. Rd8+ Kh7 43. Rd3 Qg1+ 44. Kf3 Qf1+ 45. Ke3 Qe1+ 46. Kd4 Qg1+ 47. Kc3 g5 48. Rc4 f4 49. Rd6 f3 50. Re4 Qh1 51. Ree6 f2 52. Rf6 Rxf6 53. Rxf6 1-0

[Event "January 9 Late 2024"]
[Site "https://www.chess.com"]
[Date "2024.01.10"]
[Round "7"]
[White "Floresvillar Gonzalez, Luis Migu"]
[Black "Goncalves, Samuel Jesus P"]
[Result "0-1"]
[Board "170"]
[TimeControl "180+1"]
[WhiteFideId "5100542"]
[BlackFideId "1945130"]
[WhiteElo "2134"]
[BlackElo "2391"]
[WhiteTeam "MEX"]
[BlackTeam "POR"]
[WhiteClock "0:00:00"]
[BlackClock "0:00:07"]

1. d4 Nf6 2. Bf4 e6 3. Nd2 d5 4. e3 Bd6 5. Bxd6 Qxd6 6. c3 O-O 7. f4 b6 8. Ngf3 c5 9. h3 a5 10. Ne5 Nfd7 11. Ndf3 f6 12. Nxd7 Nxd7 13. Bd3 e5 14. fxe5 fxe5 15. dxe5 Nxe5 16. Be2 Nxf3+ 17. Bxf3 Qg3+ 18. Kd2 Kh8 19. Qe1 Qe5 20. Rd1 Bf5 21. Kc1 Rad8 22. Qd2 b5 23. Rhe1 b4 24. Re2 bxc3 25. Qxc3 Qe6 26. Bg4 Bxg4 27. hxg4 Qxg4 28. Red2 d4 29. exd4 cxd4 30. Rxd4 Rxd4 31. Qxd4 Qxg2 32. a3 Qg6 33. Rd3 h6 34. Qd6 Qg1+ 35. Rd1 Qg5+ 36. Kb1 Rf2 37. Qd8+ Qxd8 38. Rxd8+ Kh7 39. Rd5 g5 40. Rxa5 g4 41. Ra7+ Kg6 42. Ra8 Kh5 43. Rg8 Kh4 44. b4 g3 45. b5 g2 46. b6 Rf1+ 47. Kb2 g1=Q 48. Rxg1 Rxg1 49. a4 Rg8 50. a5 Rg5 0-1

[Event "January 9 Late 2024"]
[Site "https://www.chess.com"]
[Date "2024.01.09"]
[Round "7"]
[White "Bregu, Riza"]
[Black "Dahlgren, James Allen"]
[Result "0-1"]
[Board "171"]
[TimeControl "180+1"]
[WhiteFideId "4701739"]
[BlackFideId "22256873"]
[WhiteElo "2382"]
[BlackElo "2111"]
[WhiteTeam "ALB"]
[BlackTeam "ESP"]
[WhiteClock "0:00:19"]
[BlackClock "0:00:05"]

1. e4 e6 2. d4 c5 3. d5 d6 4. c4 Nf6 5. Nc3 Be7 6. Nf3 O-O 7. Bd3 e5 8. O-O Ne8 9. Ne1 f6 10. f4 Nd7 11. f5 g5 12. fxg6 hxg6 13. Ne2 Ng7 14. Ng3 a6 15. Qg4 Qe8 16. Bh6 b5 17. Nf5 Nxf5 18. exf5 Qf7 19. Bxf8 Nxf8 20. Nf3 g5 21. Nd2 Nh7 22. h4 Bd7 23. Ne4 Kg7 24. hxg5 Nxg5 25. Nxg5 fxg5 26. f6+ Bxf6 27. Bf5 Bxf5 28. Rxf5 Rf8 29. Raf1 Qg6 30. Qe2 b4 31. Qe4 Be7 32. Qf3 Rxf5 33. Qxf5 Qxf5 34. Rxf5 Bf6 35. b3 g4 36. Kh2 Kg6 37. Rf1 Be7 38. Kg3 Kg5 39. Rf7 Bf6 40. Rd7 e4 41. Ra7 e3 42. Ra8 Be5# 0-1

[Event "January 9 Late 2024"]
[Site "https://www.chess.com"]
[Date "2024.01.09"]
[Round "7"]
[White "Keuchel, Destynn"]
[Black "Bueno, Alfeu Junior Varela"]
[Result "0-1"]
[Board "172"]
[TimeControl "180+1"]
[WhiteFideId "30923018"]
[BlackFideId "2108879"]
[WhiteElo "2076"]
[BlackElo "2376"]
[WhiteTeam "USA"]
[BlackTeam "BRA"]
[WhiteClock "0:00:27"]
[BlackClock "0:00:05"]

1. e4 e6 2. d4 d5 3. Bd3 dxe4 4. Bxe4 c5 5. c3 Nf6 6. Bf3 Nc6 7. Bxc6+ bxc6 8. Ne2 Ba6 9. O-O cxd4 10. cxd4 Bxe2 11. Qxe2 Qxd4 12. Be3 Qe5 13. Rc1 Bd6 14. g3 Qb5 15. Nc3 Qxe2 16. Nxe2 Kd7 17. Rd1 Rhb8 18. Bf4 Nd5 19. Bxd6 Kxd6 20. b3 a5 21. Rac1 a4 22. Nd4 Rb6 23. b4 a3 24. Rc4 Raa6 25. Nc2 Ra4 26. Rdd4 e5 27. Rh4 h6 28. Kg2 f5 29. g4 f4 30. g5 hxg5 31. Rh5 g4 32. Rg5 f3+ 33. Kg3 Nf6 34. Rxg7 Kd5 35. Ne3+ Ke6 36. Rc7 Kd6 37. Nf5+ Kxc7 38. Ne7 Raxb4 0-1

[Event "January 9 Late 2024"]
[Site "https://www.chess.com"]
[Date "2024.01.09"]
[Round "7"]
[White "Pein, Jonathan"]
[Black "Fareh, Youness"]
[Result "1-0"]
[Board "173"]
[TimeControl "180+1"]
[WhiteFideId "417092"]
[BlackFideId "9000526"]
[WhiteElo "2322"]
[BlackElo "2033"]
[WhiteTeam "ENG"]
[BlackTeam "MAR"]
[WhiteClock "0:00:56"]
[BlackClock "0:00:28"]

1. e4 c5 2. Nf3 e6 3. b3 Nc6 4. Bb2 Nf6 5. e5 Nd5 6. c4 Nb6 7. Nc3 a6 8. g3 Be7 9. Bg2 O-O 10. O-O d5 11. exd6 Bxd6 12. d4 Nxd4 13. Nxd4 cxd4 14. Qxd4 Be7 15. Nd5 Bf6 16. Nxf6+ Qxf6 17. Qxf6 gxf6 18. Bxf6 Nd7 19. Bb2 f6 20. Rad1 Kf7 21. Bxb7 Ra7 22. Bxc8 Rxc8 23. Rd6 a5 24. Rfd1 Nf8 25. Rd8 Rcc7 26. Bxf6 a4 27. Be5 Rcb7 28. Bd4 Ra6 29. Bc5 Ng6 30. R8d7+ Rxd7 31. Rxd7+ Kf6 32. b4 h5 33. h4 Ne5 34. Bd4 1-0

[Event "January 9 Late 2024"]
[Site "https://www.chess.com"]
[Date "2024.01.09"]
[Round "7"]
[White "Oliveira, Tiago Batista"]
[Black "Zhukov, Maksim"]
[Result "0-1"]
[Board "174"]
[TimeControl "180+1"]
[WhiteFideId "2108291"]
[BlackFideId "34181790"]
[WhiteElo "2028"]
[BlackElo "2272"]
[WhiteTeam "BRA"]
[BlackTeam "RUS"]
[WhiteClock "0:00:05"]
[BlackClock "0:02:08"]

1. d4 Nf6 2. c4 g6 3. Nc3 Bg7 4. e4 d6 5. Be2 Nbd7 6. Be3 e5 7. d5 O-O 8. h4 h6 9. g4 Ne8 10. g5 h5 11. Qc2 a6 12. a4 c5 13. f4 exf4 14. Bxf4 Ne5 15. Nf3 Bg4 16. Nxe5 dxe5 17. Be3 Bxe2 18. Qxe2 b6 19. Rf1 Nd6 20. a5 b5 21. Bxc5 Nxc4 22. Bxf8 Bxf8 23. Qf2 Qd7 24. Qf6 Bb4 25. Ke2 Nxb2 26. Rac1 Rc8 27. Qxe5 Nc4 28. Qd4 Bc5 29. Qf6 Bf8 30. e5 Bg7 31. Qxf7+ Qxf7 32. Rxf7 Kxf7 33. e6+ Ke7 34. Ne4 Nd6 35. Ke3 Rxc1 0-1

[Event "January 9 Late 2024"]
[Site "https://www.chess.com"]
[Date "2024.01.09"]
[Round "7"]
[White "Winkels, Marcel"]
[Black "Bazzano, Sebastian"]
[Result "1-0"]
[Board "175"]
[TimeControl "180+1"]
[WhiteFideId "1003887"]
[BlackFideId "104566"]
[WhiteElo "2006"]
[BlackElo "2250"]
[WhiteTeam "NED"]
[BlackTeam "ARG"]
[WhiteClock "0:00:50"]
[BlackClock "0:00:13"]

1. e4 e6 2. d4 d5 3. Nc3 dxe4 4. Nxe4 Bd7 5. Nf3 Bc6 6. Ng3 Nd7 7. Bd3 Ngf6 8. c3 Bd6 9. O-O Bxf3 10. Qxf3 c6 11. Re1 O-O 12. Bg5 Re8 13. Rad1 Qc7 14. Bc2 h6 15. Bxf6 Nxf6 16. Ne4 Nxe4 17. Qxe4 Bxh2+ 18. Kh1 Qf4 19. g3 Qxf2 20. Re2 Qxg3 21. Rxh2 Rad8 22. Rg1 Qd6 23. Qh7+ Kf8 24. Qxg7+ Ke7 25. Rf1 Qd5+ 26. Kg1 Rg8 27. Rxf7+ Kd6 28. Rg2 Rxg7 29. Rgxg7 Qxa2 30. Rxb7 Qa1+ 31. Kg2 Qc1 32. Be4 Qf4 33. Bf3 a5 34. Rbc7 Qd2+ 35. Kh3 1-0